 Dungeon Crawl Stone Soup version 0.26.1-2-gb8aa6d0cf2 (webtiles) character file.

Game seed: 11764189725740963250

1006 spawnlink3 the Jinx (level 8, -5/41 HPs)
             Began as a Vampire Enchanter on Feb 27, 2021.
             Was an Initiate of Dithmenos.
             Slain by an ogre
             ... wielding a +0 giant club
              (16 damage)
             ... on level 7 of the Dungeon.
             The game lasted 00:45:49 (7588 turns).

spawnlink3 the Jinx (Vampire Enchanter)             Turns: 7588, Time: 00:45:50

Health: -5/41      AC:  4    Str:  5 (7)  XL:     8   Next: 0%
Magic:  12/20      EV: 13    Int: 15 (18) God:    Dithmenos [......]
Gold:   254        SH:  0    Dex: 14 (16) Spells: 8/11 levels left

rFire    . . .     SeeInvis +   p - +3 dagger (protect)
rCold    + + +     Faith    .   (no shield)
rNeg     + + +     Spirit   .   b - +1 robe {rF+}
rPois    ∞         Reflect  .   (no helmet)
rElec    .         Harm     .   (no cloak)
rCorr    .         Rampage  .   (no gloves)
Will     .....                  k - +0 pair of boots
Stlth    +++++.....             (no amulet)
HPRegen  0.00/turn              e - ring of magical power
MPRegen  0.17/turn              j - ring of ice

@: bloodless
A: fangs 3, see invisible, unbreathing
a: Bat Form, Revivify, Renounce Religion


You were on level 7 of the Dungeon.
You worshipped Dithmenos.
Dithmenos was noncommittal.
You visited 1 branch of the dungeon, and saw 8 of its levels.

You collected 254 gold pieces.

Inventory:

Hand Weapons
 a - a +1 dagger
 p - a +3 dagger of protection (weapon)
Missiles
 d - a throwing net
Armour
 b - a +1 robe of fire resistance (worn)
 c - a +2 ring mail of willpower
 i - a +1 leather armour of fire resistance
 k - a +0 pair of boots (worn)
Jewellery
 e - a ring of magical power (left hand)
 j - a ring of ice (right hand)
Scrolls
 m - a scroll of remove curse
 n - a scroll of magic mapping
 t - a scroll of torment {unknown}
Potions
 f - a potion of haste {unknown}
 g - a potion of mutation {unknown}
 l - a potion of brilliance {unknown}
 q - a potion of degeneration {unknown}
 r - a potion of resistance
 s - a potion of ambrosia {unknown}


   Skills:
 - Level 1.6 Short Blades
 - Level 2.5 Dodging
 - Level 5.2 Stealth
 - Level 2.0 Spellcasting
 * Level 12.9 Hexes


You had 8 spell levels left.
You knew the following spells:

 Your Spells              Type           Power        Failure   Level
a - Dazzling Flash        Conj/Hex       40%          4%          3

Your spell library contained the following spells:

 Spells                   Type           Power        Failure   Level
 Corona                   Hex            44%          1%          1
 Confusing Touch          Hex            40%          1%          3
 Tukima's Dance           Hex            40%          1%          3
 Ensorcelled Hibernation  Hex/Ice        62%          2%          2
 Animate Skeleton         Necr           2%           22%         1
 Pain                     Necr           4%           22%         1
 Sandblast                Erth           2%           22%         1
 Passwall                 Tmut/Erth      0%           32%         2
 Stone Arrow              Conj/Erth      2%           54%         3
 Vampiric Draining        Necr           0%           54%         3
 Animate Dead             Necr           0%           91%         4
 Petrify                  Tmut/Erth      1%           91%         4
 Agony                    Necr           1%           99%         5
 Lee's Rapid Deconstruct  Erth           0%           99%         5


Dungeon Overview and Level Annotations

Branches:
Dungeon (8/15)             Temple (0/1) D:5
   Lair: D:8-11

Altars:
Ashenzari
Cheibriados
Dithmenos
Elyvilon
Fedhas
Gozag
Nemelex Xobeh
Ru
Wu Jian

Annotations:
D:3 Terence


Innate Abilities, Weirdness & Mutations

You do not regenerate when monsters are visible.
You are frail without blood (-20% HP).
You can heal yourself when you bite living creatures.
You are immune to poison.
You have razor-sharp teeth.
You have supernaturally acute eyesight. (SInv)
You can survive without breathing.


Message History

You see here an arrow.
An ogre comes into view. It is wielding a +0 giant club.
The ogre shouts!
Casting: Dazzling Flash (dangerous; 4% risk of failure)
Confirm with . or Enter, or press ? or * to list all spells.
Casting: Dazzling Flash (dangerous; 4% risk of failure)
Confirm with . or Enter, or press ? or * to list all spells.
The ogre hits you with a +0 giant club!!
Ouch! That really hurt!
* * * LOW HITPOINT WARNING * * *
Okay, then.
Casting: Dazzling Flash (dangerous; 4% risk of failure)
Confirm with . or Enter, or press ? or * to list all spells.
The ogre is dazzled.
The ogre closely misses you.
The ogre is no longer blind.
Casting: Dazzling Flash (dangerous; 4% risk of failure)
Confirm with . or Enter, or press ? or * to list all spells.
The ogre barely misses you. The ogre hits you with a +0 giant club!
You die...

#.......#
#.#####.#
#.#.....#
#.#.######
.
#.#.#)..(#
o.
#.#.#.#.##
..o
#.#.#<#.#
...
#.#.###.#
.o
#.#.O@..#
#.#######
#.. ###


You could see an ogre.

Vanquished Creatures
  An ice beast (D:7)
  An ogre (D:7)
  2 centaurs
  3 bullfrogs
  A big kobold (D:8)
  A hound (D:4)
  3 orc wizards
  A gnoll shaman (D:4)
  An orc priest (D:6)
  A bullfrog skeleton (D:5)
  3 adders
  12 gnolls
  A worm (D:4)
  4 dart slugs
  3 leopard geckos
  8 orcs
  4 giant cockroaches
  3 hobgoblins
  7 jackals
  3 quokkas
  5 bats
  4 frilled lizards
  3 goblins
  10 kobolds
  2 leopard gecko skeletons
  4 rats
91 creatures vanquished.

Vanquished Creatures (others)
  9 fungi (D:4)
  8 plants (D:4)
17 creatures vanquished.

Grand Total: 108 creatures vanquished

Notes
Turn   | Place    | Note
-------+----------+-------------------------------------------
     0 | D:1      | spawnlink3 the Vampire Enchanter began the quest for the
                  | Orb.
     0 | D:1      | Reached XP level 1. HP: 13/13 MP: 3/3
   446 | D:1      | Reached XP level 2. HP: 15/15 MP: 5/5
   482 | D:2      | Found a snail-covered altar of Cheibriados.
   496 | D:2      | Reached skill level 5 in Stealth
   534 | D:2      | Found a broken altar of Ashenzari.
   534 | D:2      | Found a sparkling altar of Nemelex Xobeh.
   619 | D:3      | Found an opulent altar of Gozag.
   898 | D:3      | Noticed Terence
  1108 | D:1      | Reached XP level 3. HP: 19/19 MP: 6/6
  1264 | D:2      | Found an ornate altar of the Wu Jian Council.
  1345 | D:3      | Reached skill level 5 in Hexes
  1349 | D:3      | Learned a level 3 spell: Dazzling Flash
  2009 | D:5      | Entered Level 5 of the Dungeon
  2021 | D:5      | Found a shadowy altar of Dithmenos.
  2314 | D:5      | Found a white marble altar of Elyvilon.
  2330 | D:5      | Noticed a centaur
  2337 | D:5      | Reached skill level 6 in Hexes
  2337 | D:5      | Reached XP level 4. HP: 20/24 MP: 7/7
  2386 | D:5      | Killed a centaur
  2387 | D:5      | Reached skill level 7 in Hexes
  2387 | D:5      | Reached XP level 5. HP: 28/28 MP: 8/8
  2481 | D:5      | Noticed an ice beast
  2613 | D:6      | Noticed a centaur
  2634 | D:5      | Found a glowing drain.
  2637 | D:5      | Found a staircase to the Ecumenical Temple.
  2655 | D:5      | Became a worshipper of Dithmenos the Shadowed
  2736 | D:4      | Reached skill level 8 in Hexes
  2912 | D:5      | Noticed a lemure
  2912 | D:5      | Noticed a lemure
  2912 | D:5      | Noticed a lemure
  2955 | D:4      | Found a transporter.
  2958 | D:4      | Noticed an ice beast
  2958 | D:4      | Noticed an ice beast
  3293 | D:4      | Found a blossoming altar of Fedhas.
  3824 | D:4      | Found a transporter.
  4520 | D:4      | Reached skill level 9 in Hexes
  4568 | D:4      | Reached XP level 6. HP: 25/32 MP: 3/9
  5241 | D:5      | Reached skill level 10 in Hexes
  5597 | D:6      | Noticed an ice beast
  5737 | D:7      | Noticed an orc warrior
  6213 | D:7      | Found a sacrificial altar of Ru.
  6224 | D:7      | Reached skill level 11 in Hexes
  6224 | D:7      | Reached XP level 7. HP: 12/36 MP: 10/10
  6727 | D:7      | Reached skill level 12 in Hexes
  7491 | D:7      | Reached XP level 8. HP: 35/41 MP: 11/11
  7588 | D:7      | Slain by an ogre

Illustrated notes

Levels and vault maps discovered:
D:1:      grunt_arrival_lava_bath, layout_basic
D:2:      layout_basic, lemuel_crystal_altar, kennysheep_slug_shrine,
          gammafunk_temple_overflow_statue, lemuel_round_altar
D:3:      layout_basic, lemuel_doored_altar, uniq_terence, uniq_robin
D:4:      gammafunk_cloud_chamber, layout_loops_ring, fedhas_altar_3
D:5:      layout_loops_ring, elyvilon_altar_5, nicolae_dithmenos_shadow_blocks,
          minmay_temple_entry_stoned_glass, portal_sewer_entry_c, st_stairs_12,
          uniq_eustachio, uniq_pikel
D:6:      layout_basic
D:7:      layout_basic, kennysheep_mini
D:8:      layout_basic, lemuel_mausoleum_altar_kikubaaqudgha, st_stairs_2,
          uniq_maurice

Skill      XL: |  1  2  3  4  5  6  7 |
---------------+----------------------+-----
Stealth        | 5 |  5.2
Hexes          | 6 7 9 11 12 | 12.9
Short Blades   | |  1.6
Dodging        | |  2.5
Spellcasting   | |  2.0

Action                   |  1- 3 |  4- 6 |  7- 9 || total
-------------------------+-------+-------+-------++-------
Melee: Dagger            |   146 |   243 |    65 ||   454
       Bite              |     8 |    21 |     7 ||    36
 Cast: Dazzling Flash    |     3 |    25 |    22 ||    50
 Abil: Exsanguinate      |     1 |       |       ||     1
       End Transformatio |     1 |     2 |       ||     3
       Bat Form          |     1 |     2 |       ||     3
  Use: Scroll            |     6 |     8 |     2 ||    16
       Potion            |       |     3 |     1 ||     4
 Stab: Sleeping          |    18 |    12 |     2 ||    32
       Invisible         |     2 |    13 |     8 ||    23
       Distracted        |       |     1 |       ||     1
       Fleeing           |       |       |     1 ||     1
Armor: Robe              |    14 |     9 |    22 ||    45
       Leather armour    |    45 |    28 |       ||    73
Dodge: Dodged            |   105 |   121 |    59 ||   285
